 Dungeon Crawl Stone Soup version 0.29.1-12-g30fa7ad0bf (webtiles) character file.

Game seed: 12898073593525616298

67 Sanktem7 the Trooper (level 3, -4/34 HPs)
             Began as a Minotaur Fighter on Jan 6, 2023.
             Slain by Grinder (9 damage)
             ... on level 4 of the Dungeon.
             The game lasted 00:03:19 (1609 turns).

Sanktem7 the Trooper (Minotaur Fighter)             Turns: 1609, Time: 00:03:19

Health: -4/34      AC:  9    Str: 22    XL:     3   Next: 98%
Magic:  2/2        EV:  7    Int:  5    God:
Gold:   107        SH:  4    Dex:  9    Spells: 2/2 levels left

rFire   . . .      SeeInvis .   a - +0 war axe {axe}
rCold   . . .      Faith    .   c - +0 buckler
rNeg    . . .      Spirit   .   o - +0 chain mail
rPois   .          Reflect  .   (helmet restricted)
rElec   .          Harm     .   (no cloak)
rCorr   .          Rampage  .   (no gloves)
Will    .....                   (no boots)
Stlth   ..........              (no amulet)
HPRegen 0.11/turn               (no ring)
MPRegen 0.08/turn               (no ring)

@: no status effects
A: horns 2, retaliatory headbutt
a: no special abilities


You were on level 4 of the Dungeon.
You visited 1 branch of the dungeon, and saw 3 of its levels.

You collected 107 gold pieces.


Innate Abilities, Weirdness & Mutations

You have a pair of horns on your head.
You reflexively headbutt those who attack you in melee.


   Skills:
 * Level 4.7 Fighting
 * Level 3.7 Axes
 + Level 4.1 Armour
 - Level 3.6 Shields


You had 2 spell levels left.
You didn't know any spells.
Your spell library contained the following spells:

 Spells                   Type           Power      Damage    Failure   Level
 Magic Dart               Conj           0%         1d3       99%         1
 Call Imp                 Summ           0%         N/A       100%        2
 Conjure Flame            Conj/Fire      0%         6-21      100%        3
 Ignite Poison            Fire/Tmut/Pois 0%         N/A       100%        3
 Mephitic Cloud           Conj/Pois/Air  0%         N/A       100%        3
 Sticky Flame             Conj/Fire      0%         2d3       100%        4

Inventory:

Hand Weapons
 a - a +0 war axe (weapon) {axe}
 b - a +1 sling of freezing
   (You found it on level 2 of the Dungeon)
Missiles
 f - 9 stones (quivered) {throwing}
Armour
 c - a +0 buckler (worn)
 o - a +0 chain mail (worn)
   (You found it on level 1 of the Dungeon)
Jewellery
 g - a ring of wizardry
   (You found it on level 1 of the Dungeon)
 k - a ring of willpower
   (You found it on level 1 of the Dungeon)
Scrolls
 i - 2 scrolls of enchant weapon {unknown}
 j - 4 scrolls of identify {unknown}
 l - 2 scrolls of teleportation {unknown}
 q - 2 scrolls of fog {unknown}
 s - a scroll of summoning {unknown}
Potions
 d - a potion of might
 e - 2 potions of lignification {unknown}
 h - a potion of ambrosia {unknown}
 m - a potion of flight {unknown}
 n - a potion of brilliance {unknown}
 p - a potion of heal wounds {unknown}
 r - a potion of curing {unknown}

Dungeon Overview and Level Annotations

Branches:
Dungeon (4/15) Zot: 16352
 Temple: D:4-7

Altars:

Annotations:
D:4 Grinder

.........###'##.....
...#######....# ....
..#..........## ###
+...........#
#...........# .
#....##....## ..
#....##....##...
####...........$...
...........@..##..
...........5..# ..
........##....# .
........###'####...
...................
.........†....#####
..............#
..............#
..##..........#


You could see Grinder.


Message History

No target in view!
No target in view!
No target in view!
No target in view!
No target in view!
r - an amethyst potion You now have 90 gold pieces (gained 11).
A hobgoblin comes into view.
The hobgoblin shouts!
A hobgoblin is nearby!
A hobgoblin is nearby!
A hobgoblin is nearby!
A sourceless malevolence fills the Dungeon...
You fall into a shaft and drop 2 floors!
The shaft crumbles and collapses.
Found a stone staircase leading up.
As you open the door, it creaks loudly!
You hear a shout! x2
There is an open door here.
You open the door.
There is an open door here.
You open the door.
There is an open door here.
You open the door.
There is an open door here.
s - a scroll labelled QAZUETH XUKET No target in view!
q - 2 scrolls labelled ISE YKHINANOCA (gained 1)
You open the door.
There is an open door here.
You pick up a book of Minor Magic and begin reading...
You add the spells Magic Dart, Call Imp and Mephitic Cloud to your library.
You now have 107 gold pieces (gained 17).
A hobgoblin comes into view.
The hobgoblin shouts!
A hobgoblin is nearby!
The hobgoblin hits you. 😕 HP[-4]
You take 4 damage, and now have 30/34 hp.
You hit the hobgoblin.
You kill the hobgoblin!
Grinder comes into view.
Grinder is nearby!
Grinder shouts!
Grinder blinks!
Grinder gestures at you.
You suddenly lose the ability to move!
You can move again. 😕 HP[+1]
A quokka comes into view.
Grinder blinks!
Grinder hits you.
You writhe in agony. 😮 HP[-6]
You take 6 damage, and now have 25/34 hp.
You hit Grinder. Your headbutt misses Grinder. Grinder gestures at you.
Pain shoots through your body!
* * * LOW HITPOINT WARNING * * *
😨 HP[-12]
You take 12 damage, and now have 13/34 hp.
MASSIVE DAMAGE!! (PAUSE)
You barely miss Grinder. You completely miss the quokka.
The quokka barely misses you. Grinder gestures at you.
You suddenly lose the ability to move!
The quokka barely misses you. Grinder hits you but does no damage.
The quokka bites you but does no damage.
Grinder hits you.
* * * LOW HITPOINT WARNING * * *
You writhe in agony.
* * * LOW HITPOINT WARNING * * *
The quokka bites you but does no damage.
Grinder gestures at you.
You shrug off the repeated paralysis!
The quokka bites you but does no damage. x2
Grinder hits you but does no damage.
You can move again. 😱 HP[-7]
You take 7 damage, and now have 6/34 hp.
MASSIVE DAMAGE!! (PAUSE)
You closely miss Grinder. Your headbutt misses Grinder.
You barely miss the quokka.
The quokka bites you but does no damage.
Grinder barely misses you.
You hit Grinder. You headbutt Grinder. You miss the quokka.
The quokka bites you.
* * * LOW HITPOINT WARNING * * *
Grinder blinks!
You block the quokka's attack. 😱 HP[-2]
You take 2 damage, and now have 4/34 hp.
You slash the quokka!
You kill the quokka!
You open the door.
There is an open door here. 😱 HP[+1] Grinder gestures at you.
You suddenly lose the ability to move!
Grinder says, "Wait up."
You can move again.
You closely miss Grinder. Grinder hits you!
You die...

Skill      XL: |  1  2  3 |
---------------+----------+-----
Fighting       | 4 |  4.7
Axes           | 3 |  3.7
Armour         | 4 |  4.1
Shields        | |  3.6

Action                   || total
-------------------------++-------
Melee: War axe           ||    98
       Headbutt          ||    14
Armor: Scale mail        ||    30
       Chain mail        ||    27
Dodge: Dodged            ||    46
Block: Buckler           ||    22

Levels and vault maps discovered:
D:1:      onia_arrival_zoo_common, layout_loops_ring,
          shapermc_ecumenical_altar_starsandcircs
D:2:      layout_basic, grunt_ministairs_4
D:4:      layout_gridville, uniq_grinder

Notes
Turn   | Place    | Note
-------+----------+-------------------------------------------
     0 | D:1      | Sanktem7 the Minotaur Fighter began the quest for the Orb.
     0 | D:1      | Reached XP level 1. HP: 19/19 MP: 0/0
     0 | D:1      | magus.rc [v1.9.6]
     6 | D:1      | Noticed an eight-headed hydra
     6 | D:1      | Noticed a hound
     6 | D:1      | Noticed a water moccasin
     6 | D:1      | Noticed a polar bear
   107 | D:1      | Found a faded altar of an unknown god.
   135 | D:1      | Reached XP level 2. HP: 21/27 MP: 1/1
   137 | D:1      | Reached skill level 4 in Fighting
   269 | D:1      | Reached skill level 3 in Axes
  1057 | D:2      | Reached XP level 3. HP: 33/33 MP: 2/2
  1068 | D:2      | Reached skill level 4 in Armour
  1337 | D:2      | You add the spells Conjure Flame, Ignite Poison and Sticky
                  | Flame to your library.
  1528 | D:2      | You fall into a shaft and drop 2 floors!
  1573 | D:4      | You pick up a book of Minor Magic and begin reading...
  1573 | D:4      | You add the spells Magic Dart, Call Imp and Mephitic Cloud
                  | to your library.
  1584 | D:4      | Noticed Grinder
  1586 | D:4      | Paralysed by Grinder for 2 turns
  1594 | D:4      | Paralysed by Grinder for 4 turns
  1595 | D:4      | HP: 6/34 [Grinder (4)]
  1606 | D:4      | Paralysed by Grinder for 3 turns
  1609 | D:4      | Slain by Grinder

Vanquished Creatures
  2 adders (D:2)
  A worm (D:2)
  A dart slug (D:2)
  2 ball pythons
  8 bats
  4 endoplasms
  2 giant cockroaches
  5 goblins
  3 hobgoblins
  3 kobolds (D:1)
  3 quokkas
  3 frilled lizards (D:1)
  3 rats (D:1)
40 creatures vanquished.

Table legend:
 A = Non-vault XP
 B = Vault XP
 C = Vault XP percentage of total XP
 D = Non-vault monster count
 E = Vault monster count
 F = Vault count percentage of total count
                 A         B        C        D         E       F
            +---------+---------+-------+---------+---------+-------
      Total |      89 |       7 |   7.3 |      38 |       2 |   5.0
            +---------+---------+-------+---------+---------+-------
        D:1 |      38 |       0 |   0.0 |      24 |       0 |   0.0
        D:2 |      47 |       7 |  13.0 |      12 |       2 |  14.3
        D:4 |       4 |       0 |   0.0 |       2 |       0 |   0.0
            +---------+---------+-------+---------+---------+-------

Illustrated notes

Table legend:
 A = Kills in this place as a percentage of kills in entire the game.
 B = Kills by you in this place as a percentage of kills by you in the entire game.
 C = Kills by friends in this place as a percentage of kills by friends in the entire game.
 D = Other kills in this place as a percentage of other kills in the entire game.
 E = Experience gained in this place as a percentage of experience gained in the entire game.
 F = Experience gained in this place divided by the number of levels of this place that you have seen.
                   A       B       C       D       E      F
               +-------+-------+-------+-------+-------+----------------------
         Total | 100.0 | 100.0 |   N/A |   N/A | 100.0 |  32.0
       Dungeon | 100.0 | 100.0 |   N/A |   N/A | 100.0 |  32.0
               +-------+-------+-------+-------+-------+----------------------

Table legend: (Time is in decaauts)
 A = Elapsed time spent in this place.
 B = Non-inter-level travel time spent in this place.
 C = Inter-level travel time spent in this place.
 D = Time resting spent in this place.
 E = Time spent auto-exploring this place.
 F = Levels seen in this place.
 G = Mean time per level.
                   A        B        C        D        E       F      G
               +--------+--------+--------+--------+--------+-----+--------+
         Total |   1646 |   1567 |     79 |      0 |   1267 |   3 |  548.7 |
       Dungeon |   1646 |   1567 |     79 |      0 |   1267 |   3 |  548.7 |
               +--------+--------+--------+--------+--------+-----+--------+

Top non-repeatable levels by time:
     D:1: 1047 daAuts
     D:2: 515 daAuts
     D:4: 82 daAuts
